 Dungeon Crawl Stone Soup version 0.30.0-29-ga12c61a403 (webtiles) character file.

Game seed: 9293211041917646586

2435 monsoonserge the Warmonger (level 9, -1/64 (69) HPs)
             Began as a Demonspawn Monk on June 14, 2023.
             Was a High Priest of Okawaru.
             Slain by a wight
             ... wielding a +4 long sword
              (3 damage)
             ... on level 7 of the Dungeon on June 15, 2023.
             The game lasted 00:16:05 (5767 turns).

monsoonserge the Warmonger (Demonspawn Monk)        Turns: 5767, Time: 00:16:06

HP:   -1/64 (69)    AC:  7    Str: 11    XL:     9   Next: 24%
MP:   0/22          EV: 16    Int: 13    God:    Okawaru [*****.]
Gold: 348           SH: 12    Dex: 19    Spells: 8/8 levels left

rFire   . . .        g - +2 dagger (venom)
rCold   . . .        v - +0 kite shield
rNeg    . . .        E - +1 leather armour "Qawuh" {Slay+2}
rPois   .            I - +2 hat
rElec   .            (no cloak)
rCorr   .            (no gloves)
SInv    +            (no boots)
Will    .....        j - amulet of guardian spirit
Stlth   +++          n - ring of magical power
HPRegen 0.30/turn    t - ring of see invisible
MPRegen 0.18/turn

%: guardian spirit
@: heroic, drained
A: antennae 2, claws 1, foul stench 1, weakness stinger 1
a: Renounce Religion, Heroism, Finesse, Duel


You were on level 7 of the Dungeon.
You worshipped Okawaru.
Okawaru was extremely pleased with you.
You visited 1 branch of the dungeon, and saw 7 of its levels.

You collected 348 gold pieces.

Inventory:

Hand Weapons
 e - a +0 dagger of draining
 g - a +2 dagger of venom (weapon)
 l - a +0 antimagic falchion
 F - a +0 arbalest
Missiles
 a - 10 poisoned darts (quivered)
 J - 2 atropa-tipped darts
Armour
 v - a +0 kite shield (worn)
 E - the +1 leather armour "Qawuh" (worn) {Slay+2}
   (You found it on level 5 of the Dungeon)

   Slay:      It affects your accuracy & damage with ranged weapons and melee
   (+2).
 I - a +2 hat (worn)
Jewellery
 j - an amulet of guardian spirit (around neck)
 n - a ring of magical power (left claw)
 t - a ring of see invisible (right claw)
 w - a ring of fire
 y - a ring of wizardry
 D - a ring of wizardry
Wands
 s - a wand of polymorph (15)
 u - a wand of roots (19)
Scrolls
 h - 3 scrolls of enchant weapon {unknown}
 i - 2 scrolls of teleportation {unknown}
 k - 5 scrolls of identify {unknown}
 o - a scroll of amnesia {unknown}
 q - 2 scrolls of immolation {unknown}
 r - 2 scrolls of vulnerability {unknown}
 A - a scroll of enchant armour {unknown}
 B - a scroll of noise {unknown}
 G - a scroll of fear {unknown}
 H - a scroll of magic mapping {unknown}
Potions
 b - 3 potions of brilliance {unknown}
 c - 3 potions of ambrosia
 d - a potion of might {unknown}
 f - 4 potions of curing {unknown}
 m - 4 potions of degeneration {unknown}
 p - a potion of cancellation {unknown}
 x - a potion of haste {unknown}
 z - a potion of mutation {unknown}
 C - 2 potions of heal wounds {unknown}


   Skills:
 + Level 5.7(10.7) Fighting
 + Level 5.5(11.0) Short Blades
 + Level 3.3(9.9) Long Blades
 + Level 1.4(6.4) Throwing
 + Level 3.8(8.8) Armour
 + Level 4.5(9.5) Dodging
 + Level 1.2(6.2) Stealth
 + Level 3.9(8.9) Shields
 * Level 6.1 Invocations


You had 8 spell levels left.
You didn't know any spells.
Your spell library contained the following spells:

 Spells                   Type           Power      Damage    Failure   Level
 Ignite Poison            Fire/Tmut/Pois 0%         N/A       98%         3
 Sticky Flame             Conj/Fire      0%         2d3       100%        4
 Ignition                 Fire           0%         3d3       100%        8


Dungeon Overview and Level Annotations

Branches:
Dungeon (7/15)
 Temple: D:4-7

Altars:
Okawaru
Qazlal


Innate Abilities, Weirdness & Mutations

You have a pair of antennae on your head.
You have sharp fingernails.
You may rarely emit foul miasma when damaged in melee.
You have a small tail.


Message History

The wight is severely damaged.
The wight misses you.
You hit the wight.
Your tail-slap misses the wight.
The wight is severely damaged.
The wight hits you with a +0 battleaxe! You block the wight's attack.
You hit the wight but do no damage.
You tail-slap the wight, but do no damage.
The wight is severely damaged.
The wight barely misses you. The wight misses you.
You closely miss the wight.
The wight is severely damaged.
The wight hits you with a +0 battleaxe!
* * * LOW HITPOINT WARNING * * *
You block the wight's attack.
Okay, then.
Okay, then.
You gain the combat prowess of a mighty hero.
The wight hits you with a +0 battleaxe.
* * * LOW HITPOINT WARNING * * *
You block the wight's attack.
You barely miss the wight.
The wight is severely damaged.
You block the wight's attack. x2
You hit the wight.
You tail-slap the wight, but do no damage.
The wight is almost destroyed.
You closely miss the wight.
The wight is almost destroyed.
The wight misses you.
The wight hits you with a +4 long sword!
* * * LOW HITPOINT WARNING * * *
You barely miss the wight.
The wight is almost destroyed.
You block the wight's attack. The wight closely misses you.
You hit the wight but do no damage.
The wight is almost destroyed.
The wight hits you with a +4 long sword.
* * * LOW HITPOINT WARNING * * *
You feel drained.
You die...

.........#.# ..#..
............# ..#..
..........##### ......
................ ......
...........#####
......###..........##
....#.......##.#....#
#.....z.....+..#....#
......z@....#.......####
............#...........
.....$...)..#.......####
#....>..#...#.......#
........#...#.......#
#####...#...#.......#
#.#...........###
#.###.#######.# #. #.#
###


You could see 2 wights.

Vanquished Creatures
  5 yaks
  Eustachio (D:6)
  Duvessa (D:6)
  A water moccasin (D:6)
  A black bear (D:5)
  A sky beast (D:7)
  An ogre (D:6)
  3 phantoms
  Blork the orc (D:5)
  4 scorpions
  A wight (D:7)
  Dowan (D:6)
  A howler monkey (D:4)
  An orc priest (D:6)
  A gnoll bouda (D:6)
  4 hounds
  2 iguanas
  Ijyb (D:5)
  An orc wizard (D:3)
  8 gnolls
  2 adders
  An ufetubus (D:5)
  10 orcs
  8 endoplasms
  2 giant cockroaches
  3 goblins
  4 hobgoblins
  6 jackals
  7 kobolds
  A quokka (D:4)
  3 ball pythons (D:3)
  9 bats
  3 frilled lizards
  4 rats (D:2)
  A spectral kobold (D:3)
104 creatures vanquished.

Vanquished Creatures (others)
  A giant cockroach (D:4)
1 creature vanquished.

Grand Total: 105 creatures vanquished

Notes
Turn   | Place    | Note
-------+----------+-------------------------------------------
     0 | D:1      | monsoonserge the Demonspawn Monk began the quest for the
                  | Orb.
     0 | D:1      | Reached XP level 1. HP: 18/18 MP: 1/1
   267 | D:1      | Discovered your monstrous ancestry.
   267 | D:1      | Gained mutation: You have a pair of small antennae on your
                  | head. [demonic ancestry]
   267 | D:1      | Reached XP level 2. HP: 23/24 MP: 2/2
  1067 | D:2      | Gained mutation: You have a pair of antennae on your head.
                  | [demonic ancestry]
  1067 | D:2      | Reached XP level 3. HP: 29/29 MP: 3/3
  1580 | D:3      | Found a faded altar of an unknown god.
  1593 | D:3      | Prayed at the altar of an unknown god.
  1593 | D:3      | Became a worshipper of Warmaster Okawaru
  1593 | D:3      | Reached * piety under Okawaru
  1593 | D:3      | Reached ** piety under Okawaru
  1919 | D:4      | Noticed a scorpion
  1928 | D:4      | Killed a scorpion
  1928 | D:4      | Reached *** piety under Okawaru
  1929 | D:4      | Reached skill level 1 in Armour
  1929 | D:4      | Reached skill level 1 in Invocations
  1929 | D:4      | Reached XP level 4. HP: 24/37 MP: 4/4
  1934 | D:4      | Reached skill level 2 in Invocations
  1934 | D:4      | Gained mutation: You may rarely emit foul miasma when
                  | damaged in melee. [demonic ancestry]
  1934 | D:4      | Reached XP level 5. HP: 21/42 MP: 6/6
  1937 | D:4      | Reached skill level 1 in Short Blades
  2617 | D:4      | Found an iron altar of Okawaru.
  2899 | D:5      | Entered Level 5 of the Dungeon
  2990 | D:5      | Reached XP level 6. HP: 45/48 MP: 7/7
  3060 | D:5      | Reached skill level 1 in Shields
  3355 | D:5      | Reached **** piety under Okawaru
  3356 | D:5      | Gained mutation: You have a small tail. [demonic ancestry]
  3356 | D:5      | Reached XP level 7. HP: 53/55 MP: 8/8
  3395 | D:5      | Identified the +1 leather armour "Qawuh" {Slay+2}
  3467 | D:5      | Noticed Blork the orc
  3475 | D:5      | Killed Blork the orc
  3629 | D:5      | Noticed Ijyb
  3643 | D:5      | Killed Ijyb
  3892 | D:6      | Reached skill level 3 in Invocations
  4072 | D:6      | Noticed Dowan
  4136 | D:6      | Noticed Eustachio
  4151 | D:6      | Killed Eustachio
  4245 | D:6      | Reached XP level 8. HP: 44/61 MP: 10/10
  4347 | D:6      | Reached skill level 5 in Fighting
  4347 | D:6      | Reached skill level 4 in Invocations
  4919 | D:6      | Noticed Duvessa
  4933 | D:6      | Killed Duvessa
  4957 | D:6      | Received a gift from Okawaru
  5079 | D:6      | Killed Dowan
  5172 | D:6      | Reached skill level 1 in Throwing
  5232 | D:6      | Found a stormy altar of Qazlal.
  5420 | D:7      | Reached ***** piety under Okawaru
  5421 | D:7      | Reached skill level 5 in Invocations
  5438 | D:6      | Reached skill level 5 in Short Blades
  5438 | D:6      | Reached skill level 1 in Stealth
  5501 | D:6      | Gained mutation: You have sharp fingernails. [demonic
                  | ancestry]
  5501 | D:6      | Reached XP level 9. HP: 33/68 MP: 11/13
  5663 | D:7      | Reached skill level 6 in Invocations
  5767 | D:7      | HP: 2/66 [wight/+4 long sword (5)]
  5767 | D:7      | Slain by a wight

Illustrated notes

Levels and vault maps discovered:
D:1:      shiori_arrival_elements, layout_basic
D:2:      layout_rooms
D:3:      layout_basic, dreamdust_ecumenical_altar_drowned_temple,
          corexii_corridor_pit, st_stairs_14
D:4:      layout_loops_ring, mainiacjoe_overflow_24_doors, minmay_between
D:5:      layout_loops_ring, uniq_ijyb, uniq_blork_the_orc
D:6:      layout_loops_corners, old_standard_altar, uniq_eustachio, uniq_duvessa
D:7:      layout_basic, minitemple, minmay_temple_entry_tees

Skill      XL: |  1  2  3  4  5  6  7  8  9 |
---------------+----------------------------+-----
Dodging        | 3 4 |  4.5
Long Blades    | 3 |  3.3
Armour         | 1 2 3 |  3.8
Invocations    | 1 2 3 5 6 |  6.1
Short Blades   | 1 2 4 5 |  5.5
Fighting       | 4 5 |  5.7
Shields        | 1 2 3 |  3.9
Throwing       | 1 |  1.4
Stealth        | 1 |  1.2

Action                     |  1- 3 |  4- 6 |  7- 9 || total
---------------------------+-------+-------+-------++-------
  Melee: Dagger            |   103 |   106 |   195 ||   404
         Tailslap          |       |       |    33 ||    33
         Falchion          |       |       |    10 ||    10
  Throw: Dart              |       |       |     8 ||     8
 Invoke: Heroism           |       |       |     1 ||     1
   Stab: Sleeping          |       |       |     1 ||     1
 Armour: Chain mail        |    55 |    48 |       ||   103
         Ring mail         |       |     2 |       ||     2
         Leather armour    |       |       |    17 ||    17
         Skin              |       |       |     5 ||     5
  Dodge: Dodged            |    37 |    25 |    81 ||   143
  Block: Kite shield       |    19 |    38 |    73 ||   130
